 Dungeon Crawl Stone Soup version 0.16-a0-1132-gad589c6 (webtiles) character file.

3212 RobertPalmer the Nimble (level 9, -2/56 HPs)
             Began as an Octopode Monk on Oct 7, 2014.
             Slain by a quokka (3 damage)
             ... summoned by Eustachio
             ... on level 8 of the Dungeon.
             The game lasted 00:32:10 (11360 turns).

RobertPalmer the Nimble (Octopode Monk)            Turns: 11360, Time: 00:32:10

Health: -2/56      AC:  1    Str: 10      XL:     9   Next: 97%
Magic:  0/9        EV: 18    Int: 15      God:
Gold:   306        SH:  0    Dex: 12 (15) Spells: 2 memorised, 5 levels left

rFire  . . .     SeeInvis .     F - +1 long sword (curse)
rCold  . . .     Clarity  .     (no shield)
rNeg   . . .     SustAb   .     h - +0 hat
rPois  .         Gourm    .     d - amulet of guardian spirit
rElec  .         Spirit   +     B - ring of flight
rCorr  .         Warding  .     (no ring)
rMut   .         Stasis   .     (no ring)
MR     .....                    (no ring)
Stlth  +++.......               (no ring)
                                (no ring)
                                (no ring)
                                (no ring)

@: drained, not resistant to hostile enchantments, fairly stealthy
A: almost no armour, amphibious, 8 rings, constrict 8, camouflage 1, gelatinous
body 1
a: Evoke Flight


You were on level 8 of the Dungeon.
You were hungry.

You visited 1 branch of the dungeon, and saw 8 of its levels.
You also visited: Sewer.

You collected 306 gold pieces.


Innate Abilities, Weirdness & Mutations

You cannot wear most types of armour.
You are amphibious.
You can wear up to eight rings at the same time.
You can use your tentacles to constrict many enemies at once.
Your skin changes colour to match your surroundings (Stealth).
Your rubbery body absorbs attacks (AC +1).


   Skills:
 - Level 3.0(2.2) Fighting
 - Level 2.3(1.6) Long Blades
 + Level 4.0(3.3) Polearms
 - Level 12.6(11.7) Dodging
 - Level 2.6(1.9) Stealth
 - Level 4.0(3.2) Unarmed Combat


You had 5 spell levels left.
You knew the following spells:

 Your Spells              Type           Power        Failure   Level  Hunger
z - Beastly Appendage     Trmt           #.....       28%         1    ##.....
Z - Confusing Touch       Hex            #.....       38%         2    ###....

Inventory:

Hand weapons
 a - a +4 halberd
 b - a +0 blowgun
 F - a cursed +1 long sword (weapon)
 I - a cursed -1 blowgun
 J - a +0 trident
Missiles
 l - 83 poisoned needles
 m - 5 javelins (quivered)
Armour
 h - a +0 hat (worn)
Magical devices
 f - a wand of lightning (0)
 w - a wand of draining (0)
 y - a wand of fire (0)
Comestibles
 n - 4 bread rations
 o - a rotting chunk of quokka flesh {@*1}
 t - 4 meat rations
 u - 4 fruits
Scrolls
 i - 2 scrolls of fog
 x - 3 scrolls of teleportation
Jewellery
 d - an amulet of guardian spirit (around mantle)
 g - an uncursed amulet of warding
 j - an uncursed amulet of rage
 B - a ring of flight (left tentacle)
 C - an uncursed amulet of stasis {unknown}
 H - a cursed -2 ring of protection {unknown}
Potions
 e - a potion of invisibility {unknown}
 k - 2 potions of flight {unknown}
 r - a potion of mutation {unknown}
 s - a potion of poison {unknown}
 z - a potion of lignification {unknown}
 A - a potion of confusion {unknown}
 E - a potion of brilliance
Books
 c - a book of Changes
 v - a book of Hinderance

Dungeon Overview and Level Annotations

Branches:
Dungeon (8/15)             Temple (0/1) D:4
   Lair: D:8-11

Altars:
Ashenzari
Qazlal
Trog
Vehumet

Annotations:
D:4 RobertPalmer's ghost, experienced OpFi
D:8 Eustachio

#.###.............#
#####........
##.##.............## #........
##................# #........
##......###......# ##.......
##.....## ##.....######........
#......# #...................
###..%..## ##..................
#......## #....#########.....
###....# #.@..# ##...# ##...###
##r.W.# ##.>#
##.....#####.....## #..#
#.###..b.#........##########..)
##.# ##......###..............[
##.## ###..### #..............#
...# ##..# ##[..#####.......
##.## #..###...## ##.r.#...
##.# #...#..>## ##...###..


You could see a phantom and a quokka.


Message History

Unknown command.
The bat barely misses you. The bat barely misses you.
The bat barely misses you. The bat completely misses you.
The bat hits you but does no damage.
The shadow imp laughs crazily.
You hit the phantom.
The phantom is lightly damaged.
The phantom hits you!
* * * LOW HITPOINT WARNING * * *
You barely miss the phantom.
The phantom is lightly damaged.
The phantom misses you. The quokka bites you.
* * * LOW HITPOINT WARNING * * *
You hit the phantom.
The phantom is lightly damaged.
The phantom barely misses you. The quokka barely misses you.
The phantom barely misses you. The quokka closely misses you.
Unknown command.
You hit the phantom but do no damage.
The phantom is lightly damaged.
The quokka bites you.
* * * LOW HITPOINT WARNING * * *
The phantom hits you.
* * * LOW HITPOINT WARNING * * *
You barely miss the phantom.
The phantom is lightly damaged.
The quokka bites you.
You die...

Action                   |  1- 3 |  4- 6 |  7- 9 || total
-------------------------+-------+-------+-------++-------
Melee: Unarmed           |    91 |   103 |   323 ||   517
       Long sword        |       |       |   110 ||   110
       Halberd           |       |       |    12 ||    12
 Fire: Blowgun           |       |    23 |    67 ||    90
Throw: Javelin           |       |       |     9 ||     9
 Cast: Beastly Appendage |       |       |     4 ||     4
       Confusing Touch   |       |       |     3 ||     3
Evoke: Wand              |       |       |    12 ||    12
  Use: Scroll            |     3 |     4 |    11 ||    18
       Potion            |       |     1 |     6 ||     7
 Stab: Sleeping          |     9 |     7 |    14 ||    30
       Distracted        |       |       |     1 ||     1
       Confused          |       |       |     1 ||     1
  Eat: Chunk             |     1 |     5 |    19 ||    25
       Beef jerky        |       |       |     2 ||     2
       Meat ration       |       |       |     1 ||     1

Vault maps used:
D:1:      lordsloth_arrival_two_stooges, minmay_door_square
D:3:      lemuel_doored_altar, nicolae_overflow_hidden_temple, serial_forest,
          infiniplex_forest_lined_3, infiniplex_forest_end_1,
          infiniplex_forest_lined_3, infiniplex_forest_clump_medium,
          infiniplex_forest_straight_2, infiniplex_forest_straight_2,
          infiniplex_forest_lined_2, gup_sewer_entry_glass, uniq_sigmund
D:4:      temple_fountains, grunt_ministairs_7, trog_wizard
D:5:      lemuel_coloured_pillars_altar, first_bread
D:6:      grunt_qazlal_sundering, guppyfry_early_elven_hall
D:7:      uniq_duvessa
D:8:      nicolae_overflow_quartered_altars, uniq_eustachio
Sewer:    sewer_kobolds

Notes
Turn   | Place    | Note
--------------------------------------------------------------
     0 | D:1      | RobertPalmer, the Octopode Monk, began the quest for the Orb.
     0 | D:1      | Reached XP level 1. HP: 16/16 MP: 1/1
    52 | D:1      | Reached XP level 2. HP: 11/21 MP: 2/2
   350 | D:1      | Reached skill level 4 in Dodging
   364 | D:1      | Reached XP level 3. HP: 22/26 MP: 3/3
  1218 | D:3      | Reached skill level 5 in Dodging
  1218 | D:3      | Reached XP level 4. HP: 31/31 MP: 4/4
  1230 | D:3      | Found a glowing drain.
  1276 | Sewer    | Entered a sewer
  1282 | Sewer    | Reached XP level 5. HP: 24/36 MP: 5/5
  1454 | Sewer    | Noticed a big kobold
  1606 | Sewer    | Killed a big kobold
  1606 | Sewer    | Reached skill level 6 in Dodging
  1702 | Sewer    | Found a glowing silver altar of Zin.
  1830 | D:3      | Found a shattered altar of Ashenzari.
  1899 | D:3      | Noticed Sigmund
  1932 | D:3      | Killed Sigmund
  1932 | D:3      | Reached XP level 6. HP: 42/42 MP: 6/6
  2122 | D:3      | Reached skill level 7 in Dodging
  2698 | D:4      | Found a bloodstained altar of Trog.
  2703 | D:4      | Noticed a wizard
  2708 | D:4      | Killed a wizard
  2847 | D:4      | Reached XP level 7. HP: 30/46 MP: 7/7
  2851 | D:4      | Reached skill level 8 in Dodging
  3100 | D:4      | Found a staircase to the Ecumenical Temple.
  4263 | D:4      | Noticed RobertPalmer's ghost (experienced OpFi)
  4329 | D:5      | Entered Level 5 of the Dungeon
  4572 | D:5      | Found a radiant altar of Vehumet.
  4660 | D:5      | Reached skill level 9 in Dodging
  4762 | D:5      | Reached XP level 8. HP: 52/52 MP: 8/8
  5397 | D:5      | Reached skill level 10 in Dodging
  6004 | D:6      | Found a stormy altar of Qazlal.
  6322 | D:6      | Reached skill level 11 in Dodging
  7212 | D:6      | Reached XP level 9. HP: 56/56 MP: 9/9
  7545 | D:7      | Noticed Duvessa
  7546 | D:7      | Noticed Dowan
  7567 | D:7      | Killed Duvessa
  7763 | D:6      | Learned a level 1 spell: Beastly Appendage
  7766 | D:6      | Learned a level 2 spell: Confusing Touch
  7854 | D:6      | Reached skill level 12 in Dodging
  8390 | D:7      | Killed Dowan
  8887 | D:7      | Reached skill level 1 in Polearms
  8975 | D:7      | Reached skill level 2 in Polearms
  9030 | D:7      | Reached skill level 1 in Long Blades
 10066 | D:8      | Reached skill level 2 in Long Blades
 10632 | D:8      | Reached skill level 3 in Polearms
 10912 | D:8      | Reached skill level 4 in Polearms
 11293 | D:8      | Noticed Eustachio
 11359 | D:8      | HP: 5/56 [quokka[Eustachio] (2)]
 11359 | D:8      | HP: 1/56 [phantom (4)]
 11360 | D:8      | Slain by a quokka

Vanquished Creatures
  A deep elf fighter (D:6)
  A water moccasin (D:7)
  A phantom (D:5)
  A sky beast (D:6)
  2 ogres
  2 ice beasts (D:6)
  2 centaurs
  Sigmund (D:3)
  Duvessa (D:7)
  A big kobold (Sewer)
  3 giant frogs
  A water moccasin skeleton (D:8)
  A scorpion (D:6)
  10 wights
  Dowan (D:7)
  A jelly (D:6)
  A giant frog zombie (D:5)
  5 crimson imps
  5 hounds
  4 orc priests
  A gnoll shaman (D:7)
  9 orc wizards
  5 worker ants
  2 iguanas
  3 gnolls
  2 green rats (Sewer)
  6 shadow imps
  11 adders
  A giant mite (D:2)
  2 worms (D:3)
  An iguana zombie (D:8)
  6 giant geckos
  3 oozes
  31 orcs
  13 bats
  2 bat skeletons
  12 hobgoblins
  13 jackals
  9 giant cockroaches
  A giant gecko skeleton (D:4)
  A giant gecko zombie (D:5)
  4 giant newts
  15 goblins
  3 jackal zombies (D:5)
  13 kobolds
  2 kobold skeletons
  A kobold zombie (D:8)
  An orc zombie (D:8)
  4 quokkas
  A quokka zombie (D:6)
  15 rats
  A ballistomycete (D:8)
239 creatures vanquished.

Vanquished Creatures (others)
  A wizard (D:4)
  A giant spore (D:8)
2 creatures vanquished.

Grand Total: 241 creatures vanquished
